 Dungeon Crawl Stone Soup version 0.29.0-13-gc9e81de378 (webtiles) character file.

Game seed: 18436468993848699660

95 Destapler the Cudgeller (level 4, 0/67 HPs)
             Began as a Troll Berserker on Sept 8, 2022.
             Was a Believer of Trog.
             Slain by an ogre
             ... wielding a +0 giant club
              (5 damage)
             ... on level 3 of the Dungeon.
             The game lasted 00:02:58 (1773 turns).

Destapler the Cudgeller (Troll Berserker)           Turns: 1773, Time: 00:02:59

Health: 0/67       AC:  4    Str: 27    XL:     4   Next: 39%
Magic:  3/3        EV:  9    Int:  3    God:    Trog [**....]
Gold:   139        SH:  7    Dex: 15    Spells: 3/3 levels left

rFire   . . .      SeeInvis .   a - +0 mace
rCold   . . .      Faith    .   n - +0 kite shield
rNeg    . . .      Spirit   .   b - +0 animal skin
rPois   .          Reflect  .   (helmet restricted)
rElec   .          Harm     .   (no cloak)
rCorr   .          Rampage  .   (gloves unavailable)
Will    .....                   (boots unavailable)
Stlth   ..........              (no amulet)
HPRegen 1.01/turn               g - +6 ring of dexterity
MPRegen 0.08/turn               (no ring)

@: berserking, very quick
A: large, unfitting armour, claws 3, regeneration 1, shaggy fur 1, tough skin 1
a: Renounce Religion, Berserk, Trog's Hand


You were on level 3 of the Dungeon.
You worshipped Trog.
Trog was pleased with you.
You visited 1 branch of the dungeon, and saw 3 of its levels.

You collected 139 gold pieces.

Inventory:

Hand Weapons
 a - a +0 mace (weapon)
Missiles
 e - 4 javelins (quivered)
 s - 3 poisoned darts
Armour
 b - a +0 animal skin (worn)
 n - a +0 kite shield (worn)
Jewellery
 g - a +6 ring of dexterity (left claw)
 m - a ring of magical power
Scrolls
 c - a scroll of brand weapon {unknown}
 d - a scroll of magic mapping {unknown}
 l - a scroll of poison {unknown}
 p - a scroll of amnesia {unknown}
 q - a scroll of teleportation {unknown}
Potions
 f - a potion of brilliance {unknown}
 h - a potion of resistance {unknown}
 i - 2 potions of curing {unknown}
 j - 2 potions of lignification {unknown}
 k - a potion of degeneration {unknown}
 o - a potion of heal wounds {unknown}
 r - 2 potions of magic {unknown}


   Skills:
 + Level 3.1 Fighting
 + Level 3.5 Maces & Flails
 + Level 0.0 Throwing
 + Level 0.0 Armour
 + Level 3.1 Dodging
 + Level 0.1 Shields


You had 3 spell levels left.
You didn't know any spells.
Your spell library contained the following spells:

 Spells                   Type           Power      Damage    Failure   Level
 Sandblast                Erth           0%         2d4       86%         1
 Summon Small Mammal      Summ           0%         N/A       86%         1
 Passwall                 Tmut/Erth      0%         N/A       94%         2
 Call Canine Familiar     Summ           0%         N/A       99%         3
 Stone Arrow              Conj/Erth      0%         3d7       99%         3
 Summon Guardian Golem    Hex/Summ       0%         N/A       99%         3


Dungeon Overview and Level Annotations

Branches:
Dungeon (3/15)

Altars:
Makhleb
The Shining One


Innate Abilities, Weirdness & Mutations

You are too large for most types of armour.
You have claws for hands.
Your natural rate of healing is unusually fast.
You are covered in fur. (AC +1)
You have tough skin. (AC +1)


Message History

You open the door.
There is an open door here.
You open the door.
There is an open door here.
You now have 139 gold pieces (gained 11).
A quokka comes into view.
A quokka is nearby!
A quokka is nearby!
A quokka is nearby!
A quokka is nearby!
You sock the quokka!
You kill the quokka!
Trog accepts your kill.
No target in view!
No target in view!
Found a stone staircase leading down.
No target in view!
There is a stone staircase leading down here.
An ogre comes into view. It is wielding a +0 giant club.
An ogre is nearby!
The ogre hits you with a +0 giant club!
An ogre is nearby!
An ogre is nearby!
You hit the ogre.
The ogre is moderately wounded.
The ogre hits you with a +0 giant club!!
* * * LOW HITPOINT WARNING * * *
You are too injured to fight recklessly!
You are too injured to fight recklessly!
Unknown command.
A red film seems to cover your vision as you go berserk!
You feel yourself moving faster!
You feel mighty!
You hit the ogre.
The ogre is moderately wounded.
The ogre hits you with a +0 giant club!!
* * * LOW HITPOINT WARNING * * *
You completely miss the ogre.
The ogre is moderately wounded.
The ogre hits you with a +0 giant club.
You die...

..#### ##.#.. #..... #
#..#.# #.#..#.#
####.#..#.##############
.....?.....>............
###.#..#.#.############
#.@#.#.# # #.O#.#.# # #
#..#.#.# # .# #..#.#.#
## ####.# #..#.#.# .#
#....# #..#.#.#
.###....# #### #.#
........+ #.# .#......#
.######.############


You could see an ogre.

Vanquished Creatures
  Jessica (D:2)
  2 adders
  A worm (D:3)
  A dart slug (D:2)
  6 ball pythons
  An endoplasm (D:1)
  3 giant cockroaches
  4 goblins
  7 hobgoblins
  4 jackals (D:2)
  6 kobolds
  3 quokkas
  2 bats
  2 frilled lizards (D:2)
  3 rats
46 creatures vanquished.

Notes
Turn   | Place    | Note
-------+----------+-------------------------------------------
     0 | D:1      | Destapler the Troll Berserker began the quest for the Orb.
     0 | D:1      | Reached XP level 1. HP: 22/22 MP: 0/0
   120 | D:1      | Reached XP level 2. HP: 26/29 MP: 1/1
   707 | D:2      | Found a burning altar of Makhleb.
   743 | D:2      | Found a faded altar of an unknown god.
   782 | D:2      | Reached XP level 3. HP: 36/36 MP: 2/2
   867 | D:2      | Reached ** piety under Trog
  1156 | D:2      | Noticed Jessica
  1168 | D:2      | Killed Jessica
  1169 | D:2      | Reached XP level 4. HP: 36/45 MP: 3/3
  1393 | D:3      | Found a glowing golden altar of the Shining One.
  1767 | D:3      | Noticed an ogre
  1773 | D:3      | Slain by an ogre

Illustrated notes

Levels and vault maps discovered:
D:1:      onia_arrival_mini_spirals, layout_loops_cross
D:2:      layout_basic, basic_altar, ebering_ecumenical_altar_mist,
          corner_web_ring, uniq_jessica
D:3:      layout_basic, tso_metal_star, kennysheep_boxes

Skill      XL: |  1  2  3 |
---------------+----------+-----
Maces & Flails | 3 |  3.5
Dodging        | 3 |  3.1
Fighting       | 3 |  3.1
Shields        | |  0.1

Action                   |  1- 3 |  4- 6 || total
-------------------------+-------+-------++-------
Melee: Mace              |   112 |    16 ||   128
Invok: Berserk           |     2 |     1 ||     3
 Stab: Sleeping          |     1 |     1 ||     2
Armor: Animal skin       |    55 |     2 ||    57
Dodge: Dodged            |    67 |     5 ||    72
Block: Kite shield       |       |     1 ||     1
